 Dungeon Crawl Stone Soup version 0.29.0-13-gc9e81de378 (webtiles) character file.

Game seed: 5144878371706646672

33004 emagee the Severer (level 14, -13/116 HPs)
             Began as a Formicid Abyssal Knight on Sept 9, 2022.
             Was the Champion of Lugonu.
             Mangled by a boulder beetle (17 damage)
             ... on level 4 of the Lair of Beasts on Sept 10, 2022.
             The game lasted 01:11:46 (16595 turns).

emagee the Severer (Formicid Abyssal Knight)       Turns: 16595, Time: 01:11:46

Health: -13/116    AC: 18    Str: 27    XL:     14   Next: 5%
Magic:  17/20      EV: 12    Int: 10    God:    Lugonu [******]
Gold:   1771       SH:  0    Dex: 14    Spells: 12/13 levels left

rFire   . . .      SeeInvis +   M - +6 battleaxe (distort)
rCold   . . .      Faith    .   (no shield)
rNeg    . . .      Spirit   .   w - +0 plate armour
rPois   .          Reflect  .   (helmet unavailable)
rElec   .          Harm     .   A - +1 cloak "Duda" {Str+4 Stlth+}
rCorr   +          Rampage  .   T - +0 pair of gloves
Will    +....                   (no boots)
Stlth   ..........              s - amulet of regeneration
HPRegen 1.09/turn               j - ring of resist corrosion
MPRegen 0.17/turn               m - +4 ring of evasion

@: no status effects
A: permanent stasis, dig shafts and tunnels, antennae 3, four strong arms
a: Dig, Shaft Self, Renounce Religion, Depart the Abyss, Bend Space, Banish,
Corrupt, Enter the Abyss


You were on level 4 of the Lair of Beasts.
You worshipped Lugonu.
Lugonu was exalted by your worship.
You visited 2 branches of the dungeon, and saw 15 of its levels.
You visited the Abyss 1 time.
You also visited: Bailey and Gauntlet.

You collected 1823 gold pieces.
You spent 52 gold pieces at shops.

Inventory:

Hand Weapons
 M - a +6 battleaxe of distortion (weapon)
Missiles
 G - 37 poisoned darts
 J - 4 javelins
 N - 2 curare-tipped darts
Armour
 w - a +0 plate armour (worn)
 A - the +1 cloak "Duda" (worn) {Str+4 Stlth+}
   (You found it in a Gauntlet)

   Str:       It affects your strength (+4).
   Stlth:     It makes you more stealthy.
 T - a +0 pair of gloves (worn)
Jewellery
 j - a ring of resist corrosion (left hand)
 m - a +4 ring of evasion (right hand)
 n - a ring of wizardry
 s - an amulet of regeneration (around neck)
 D - a ring of ice
 L - a ring of positive energy
 P - a ring of protection from cold
 R - a ring of willpower
 W - a ring of wizardry
 X - a ring of protection from cold
 Y - an amulet of reflection
Wands
 b - a wand of flame (29)
 h - a wand of charming (21)
 i - a wand of light (20)
 t - a wand of digging (8)
 C - a wand of roots (21)
 E - a wand of polymorph (16)
 I - a wand of mindburst (42)
Scrolls
 f - 2 scrolls of immolation
 g - 4 scrolls of butterflies
 k - 5 scrolls of enchant armour
 o - 3 scrolls of fear
 p - a scroll of torment {unknown}
 r - 4 scrolls of vulnerability
 v - a scroll of noise
 x - a scroll of poison {unknown}
 y - a scroll of summoning
 V - a scroll of acquirement {unknown}
Potions
 c - 2 potions of lignification
 d - 6 potions of curing
 l - a potion of brilliance
 u - 2 potions of magic
 z - 3 potions of attraction
 B - 6 potions of cancellation
 F - a potion of resistance {unknown}
 K - 3 potions of flight
 Q - 2 potions of mutation
Miscellaneous
 O - a condenser vane
 U - a lightning rod (3/4)


   Skills:
 + Level 12.4 Fighting
 * Level 16.8 Axes
 + Level 10.6 Armour
 - Level 0.8 Dodging
 - Level 8.1 Invocations


You had 12 spell levels left.
You knew the following spells:

 Your Spells              Type           Power      Damage    Failure   Level
a - Apportation           Tloc           0%         N/A       97%         1

Your spell library contained the following spells:

 Spells                   Type           Power      Damage    Failure   Level
 Slow                     Hex            0%         N/A       97%         1
 Call Canine Familiar     Summ           0%         N/A       100%        3
 Confusing Touch          Hex            0%         N/A       100%        3
 Dazzling Flash           Conj/Hex       0%         N/A       100%        3
 Frozen Ramparts          Ice            0%         1d1       100%        3
 Gell's Gravitas          Tloc           0%         N/A       100%        3
 Ignite Poison            Fire/Tmut/Pois 0%         N/A       100%        3
 Lesser Beckoning         Tloc           0%         N/A       100%        3
 Mephitic Cloud           Conj/Pois/Air  0%         N/A       100%        3
 Ozocubu's Armour         Ice            0%         N/A       100%        3
 Portal Projectile        Hex/Tloc       0%         N/A       100%        3
 Stone Arrow              Conj/Erth      0%         3d7       100%        3
 Teleport Other           Tloc           0%         N/A       100%        3
 Tukima's Dance           Hex            0%         N/A       100%        3
 Vampiric Draining        Necr           0%         2d6       100%        3
 Airstrike                Air            0%         2d(0-16)  100%        4
 Animate Armour           Summ/Erth      0%         N/A       100%        4
 Ice Form                 Ice/Tmut       0%         N/A       100%        4
 Leda's Liquefaction      Hex/Erth       0%         N/A       100%        4
 Passage of Golubria      Tloc           0%         N/A       100%        4
 Summon Ice Beast         Ice/Summ       0%         N/A       100%        4
 Summon Lightning Spire   Summ/Air       0%         N/A       100%        4
 Agony                    Necr           0%         N/A       100%        5
 Alistair's Intoxication  Tmut/Pois      0%         N/A       100%        5
 Freezing Cloud           Conj/Ice/Air   0%         6-21      100%        5
 Lightning Bolt           Conj/Air       0%         1d11      100%        5
 Manifold Assault         Tloc           0%         N/A       100%        5
 Metabolic Englaciation   Hex/Ice        0%         N/A       100%        5
 Silence                  Hex/Air        0%         N/A       100%        5
 Yara's Violent Unravell  Hex/Tmut       0%         3d3       100%        5
 Dispersal                Tloc           0%         N/A       100%        6
 Simulacrum               Ice/Necr       0%         N/A       100%        6
 Lehudib's Crystal Spear  Conj/Erth      0%         10d2      100%        8
 Blink                    Tloc           Unusable   N/A       N/A         2

Dungeon Overview and Level Annotations

Branches:
Dungeon (11/15)            Temple (0/1) D:4            Lair (4/5) D:10
  Swamp (0/4) Lair:2       Spider (0/4) Lair:3        Slime (0/5) Lair:4
    Orc (0/2) D:9          Bailey (visited)         Gauntlet (visited)

Altars:
Dithmenos
Elyvilon
Okawaru
Wu Jian
Xom
Zin

Shops:
D:1 ?=[   D:10 ?

Annotations:
D:3 3 runed translucent doors, Bronimir's ghost, amateur OpCj
D:8 2 transporters, Valamore's ghost, novice MiFi


Innate Abilities, Weirdness & Mutations

You cannot be hasted, slowed, berserked, paralysed or teleported.
You can dig through walls and to a lower floor.
You have a pair of large antennae on your head. (SInv)
Your four strong arms can wield two-handed weapons with a shield.


Message History

The eight-headed hydra closely misses you. x2
The eight-headed hydra bites you. x2
The eight-headed hydra closely misses you.
The eight-headed hydra misses you.
The eight-headed hydra barely misses you.
The eight-headed hydra bites you.
The boulder beetle curls into a ball and begins rolling!
You chop one of the eight-headed hydra's heads off!
The seven-headed hydra grows two more!
You slash the nine-headed hydra!
Space warps around the nine-headed hydra.
The nine-headed hydra is severely wounded.
The nine-headed hydra bites you but does no damage.
The nine-headed hydra bites you!
The nine-headed hydra bites you but does no damage. x2
The nine-headed hydra closely misses you.
The nine-headed hydra completely misses you.
The nine-headed hydra bites you but does no damage. x2
The nine-headed hydra barely misses you.
You lop one of the nine-headed hydra's heads off!
The eight-headed hydra grows two more!
You slice the ten-headed hydra!!
The ten-headed hydra is almost dead.
The ten-headed hydra bites you but does no damage. x2
The ten-headed hydra closely misses you.
The ten-headed hydra bites you.
The ten-headed hydra closely misses you.
The ten-headed hydra bites you but does no damage.
The ten-headed hydra misses you. x3
The ten-headed hydra closely misses you.
You chop one of the ten-headed hydra's heads off!
The nine-headed hydra grows two more!
You slash the 11-headed hydra!
You kill the 11-headed hydra!
Lugonu accepts your kill. The boulder beetle hits you!!!
* * * LOW HITPOINT WARNING * * *
The boulder beetle stops rolling and uncurls.
Space bends violently around you!
You blink.
Space bends violently around you!
You blink.
Found a robe.
The boulder beetle leaps!
Space bends violently around you!
You blink.
The boulder beetle bites you!
You die...

*###.#...##.#.##.##PP#....†##
* #.....##############...##
***###...# ####P...#
,,***#####** #####.......#
,,*,,,,,,,,####...#.......#
,,*,*,*****#..§.♣.#.......#
,**,*,*{{{+[..#°♣.###.....#
***,*,+{,######B♣.##.##...#
***,,,***#.....§@.#.......###
,******###.#########†...†...#
.#**,**#.....#.♣.♣.#.......##
.#~~~,*#.♣♣♣.#♣.♣.♣#†.....P#
.#**,~♣#.♣ ♣.#.♣.♣.#..#....#
.# *♣♣~#.♣ ♣.#♣.♣.♣#..#....#
.# *P~♣#.♣ ♣.#.♣.♣.#.....†##
.#♣♣~P*#.♣♣♣.#♣.♣.♣#..#...#
.#♣~♣♣♣♣.....♣♣♣.♣♣#÷##...#


You could see a boulder beetle.

Vanquished Creatures
  A minotaur (Gauntlet)
  A hydra (Lair:4)
  A two-headed ogre (D:10)
  6 death yaks
  An orc knight (Bailey)
  10 elephants
  2 black mambas (Lair:4)
  2 torpor snails
  A gargoyle (D:11)
  4 cane toads
  Maggie (Lair:2)
  2 unseen horrors (D:11)
  5 komodo dragons
  A hornet (D:9)
  13 blink frogs
  6 dream sheep (Lair:4)
  A jumping spider (Lair:3)
  39 yaks
  A shadow (D:10)
  A wyvern (Lair:2)
  A ynoxinul (Gauntlet)
  4 basilisks
  4 steam dragons
  2 acid dragons
  11 water moccasins
  9 orc warriors
  4 sky beasts
  3 ogres
  A centaur (D:7)
  4 wolves (Lair:4)
  A phantom (D:6)
  3 kobold brigands
  9 bullfrogs
  3 scorpions (D:5)
  A necrophage (D:6)
  7 wights (D:8)
  12 killer bees
  2 howler monkeys (D:8)
  An electric eel (Lair:2)
  6 hounds
  2 jellies
  4 orc priests
  4 iron imps (Gauntlet)
  8 hell rats
  An iguana (D:5)
  4 orc wizards
  9 adders
  5 gnolls
  11 river rats
  3 white imps
  2 ufetubi
  3 worms
  4 dart slugs
  30 orcs
  7 ball pythons
  11 endoplasms
  2 giant cockroaches
  10 goblins
  4 hobgoblins
  8 quokkas
  4 bats
  4 frilled lizards
  34 kobolds
  9 rats
370 creatures vanquished.

Vanquished Creatures (collateral kills)
  A cane toad (Lair:2)
  A wyvern (Lair:2)
2 creatures vanquished.

Vanquished Creatures (others)
  A jelly (D:2)
  An endoplasm (D:2)
  16 fungi
  41 plants
  9 toadstools (D:2)
68 creatures vanquished.

Grand Total: 440 creatures vanquished

Notes
Turn   | Place    | Note
-------+----------+-------------------------------------------
     0 | Abyss:1  | emagee the Formicid Abyssal Knight began the quest for the
                  | Orb.
     0 | Abyss:1  | Reached XP level 1. HP: 18/18 MP: 2/2
     1 | D:1      | Escaped the Abyss
   272 | D:1      | Reached XP level 2. HP: 17/24 MP: 3/3
   479 | D:1      | Reached skill level 3 in Axes
   536 | D:1      | Found Xecyhu's Magic Scroll Emporium.
   624 | D:1      | Reached XP level 3. HP: 6/29 MP: 4/4
  1225 | D:1      | Found Nuzu's Antique Armour Shop.
  1303 | D:1      | Reached skill level 4 in Axes
  1303 | D:1      | Reached XP level 4. HP: 35/35 MP: 5/5
  1321 | D:1      | Found Neihim's Jewellery Boutique.
  2061 | D:2      | Reached *** piety under Lugonu
  2411 | D:2      | Identified the +0 leather armour of Cynicism {Int+6 Dex-4}
  2699 | D:2      | Reached XP level 5. HP: 41/41 MP: 6/6
  2703 | D:2      | Reached skill level 5 in Axes
  3094 | D:3      | Identified the +1 helmet "Ferch" {Dex+2 SInv}
  3220 | D:3      | Reached XP level 6. HP: 47/47 MP: 7/7
  3325 | D:3      | Found a runed translucent gate.
  3332 | D:3      | Found a runed translucent gate.
  3332 | D:3      | Found a runed translucent gate.
  3669 | D:3      | Reached skill level 6 in Axes
  3832 | D:3      | Noticed Bronimir's ghost (amateur OpCj)
  4143 | D:4      | Reached **** piety under Lugonu
  4259 | D:4      | Found a staircase to the Ecumenical Temple.
  4583 | D:5      | Entered Level 5 of the Dungeon
  4656 | D:5      | Noticed an ogre
  4662 | D:5      | Killed an ogre
  4663 | D:5      | Reached XP level 7. HP: 31/52 MP: 9/9
  4766 | D:5      | Reached skill level 7 in Axes
  5162 | D:5      | Found a glowing silver altar of Zin.
  5592 | D:6      | Noticed a water moccasin
  5607 | D:6      | Killed a water moccasin
  5608 | D:6      | Reached XP level 8. HP: 36/60 MP: 11/11
  5705 | D:6      | Reached skill level 8 in Axes
  5791 | D:6      | Reached skill level 5 in Invocations
  5856 | D:6      | Found an ornate altar of the Wu Jian Council.
  6240 | D:6      | Reached skill level 9 in Axes
  6240 | D:6      | Reached XP level 9. HP: 67/67 MP: 13/13
  6444 | D:7      | Reached skill level 5 in Fighting
  7366 | D:8      | Found a flagged portal.
  7380 | Bailey   | Entered a bailey
  7416 | Bailey   | Reached skill level 10 in Axes
  7649 | Bailey   | Noticed an orc knight
  7666 | Bailey   | Killed an orc knight
  7667 | Bailey   | Reached XP level 10. HP: 60/77 MP: 15/15
  7685 | Bailey   | Reached ***** piety under Lugonu
  7990 | D:8      | Reached skill level 11 in Axes
  8450 | D:8      | Found a shimmering altar of Xom.
  8464 | D:8      | Found a transporter.
  8469 | D:8      | Found a transporter.
  8469 | D:8      | Noticed Valamore's ghost (novice MiFi)
  8471 | D:8      | Identified the +6 great mace "Poaxtumu" {vorpal, rPois rC+
                  | rCorr}
  8670 | D:9      | Found a staircase to the Orcish Mines.
  9457 | D:9      | Reached skill level 12 in Axes
  9798 | D:9      | Reached XP level 11. HP: 83/86 MP: 17/17
  9945 | D:10     | Entered Level 10 of the Dungeon
  9961 | D:10     | Noticed a two-headed ogre
 10225 | D:10     | Found an iron altar of Okawaru.
 10226 | D:10     | Found Weinen's Magic Scroll Emporium.
 10242 | D:10     | Bought a scroll of identify for 26 gold pieces
 10242 | D:10     | Bought a scroll of identify for 26 gold pieces
 10249 | D:10     | Found a staircase to the Lair.
 10282 | D:10     | Reached skill level 5 in Armour
 10461 | D:10     | Killed a two-headed ogre
 10659 | D:10     | Found a shadowy altar of Dithmenos.
 10918 | D:10     | Reached skill level 13 in Axes
 11113 | D:10     | Found a white marble altar of Elyvilon.
 12239 | Lair:1   | Entered Level 1 of the Lair of Beasts
 12568 | Lair:1   | Noticed a death yak
 12568 | Lair:1   | Noticed a death yak
 12568 | Lair:1   | Noticed a death yak
 12596 | Lair:1   | Noticed a death yak
 12599 | Lair:1   | Noticed a death yak
 12600 | Lair:1   | Noticed a death yak
 12602 | Lair:1   | Reached ****** piety under Lugonu
 12648 | D:10     | Reached XP level 12. HP: 42/96 MP: 18/18
 12699 | D:10     | Identified a +2 battleaxe of distortion (a +0 battleaxe
                  | corrupted by Lugonu)
 12699 | D:10     | Received a gift from Lugonu
 12904 | D:10     | Banished a death yak
 12914 | D:10     | Killed a death yak
 12915 | D:10     | Reached skill level 14 in Axes
 12916 | D:10     | Killed a death yak
 12917 | D:10     | Reached skill level 10 in Fighting
 12943 | D:10     | Killed a death yak
 13702 | Lair:2   | Found a staircase to the Swamp.
 13933 | Lair:2   | Reached skill level 15 in Axes
 14020 | Lair:2   | You fall into a shaft and drop 2 floors!
 14029 | Lair:4   | Found an iron altar of Okawaru.
 14080 | Lair:4   | Found a gate leading to a gauntlet.
 14089 | Gauntlet | Entered a Gauntlet
 14089 | Gauntlet | Found a transporter.
 14089 | Gauntlet | Found a transporter.
 14089 | Gauntlet | Found a transporter.
 14090 | Gauntlet | Found a transporter.
 14093 | Gauntlet | Found a transporter.
 14093 | Gauntlet | Found a transporter.
 14103 | Gauntlet | Found a transporter.
 14105 | Gauntlet | Noticed a death yak
 14106 | Gauntlet | Noticed a death yak
 14107 | Gauntlet | Found a transporter.
 14108 | Gauntlet | Noticed a death yak
 14109 | Gauntlet | Found a large runed translucent door.
 14110 | Gauntlet | Found a large runed translucent door.
 14111 | Gauntlet | Found a large runed translucent door.
 14111 | Gauntlet | Found a large runed translucent door.
 14111 | Gauntlet | Found a runed translucent door.
 14111 | Gauntlet | Found a runed translucent door.
 14112 | Gauntlet | Found a large runed translucent door.
 14112 | Gauntlet | Found a large runed translucent door.
 14112 | Gauntlet | Found a large runed translucent door.
 14112 | Gauntlet | Found a large runed translucent door.
 14113 | Gauntlet | Found a large runed translucent door.
 14113 | Gauntlet | Found a large runed translucent door.
 14114 | Gauntlet | Found a large runed translucent door.
 14114 | Gauntlet | Found a large runed translucent door.
 14114 | Gauntlet | Noticed a death yak
 14114 | Gauntlet | Noticed a death yak
 14114 | Gauntlet | Noticed a death yak
 14114 | Gauntlet | Noticed a death yak
 14115 | Gauntlet | Found a runed translucent gate.
 14115 | Gauntlet | Found a runed translucent gate.
 14115 | Gauntlet | Found a runed translucent gate.
 14115 | Gauntlet | Noticed a sixfirhy
 14115 | Gauntlet | Noticed a death yak
 14116 | Gauntlet | Noticed a sixfirhy
 14116 | Gauntlet | Noticed a sixfirhy
 14117 | Gauntlet | Found a transporter.
 14117 | Gauntlet | Noticed a sixfirhy
 14117 | Gauntlet | Noticed a death yak
 14118 | Gauntlet | Found a transporter.
 14118 | Gauntlet | Found a transporter.
 14146 | Gauntlet | Found a transporter.
 14212 | Gauntlet | Killed a death yak
 14220 | Gauntlet | Killed a death yak
 14221 | Gauntlet | Reached XP level 13. HP: 12/106 MP: 19/19
 14322 | Gauntlet | Identified the +1 cloak "Duda" {Str+4 Stlth+}
 14365 | Gauntlet | Noticed a minotaur
 14375 | Gauntlet | Killed a minotaur
 14379 | Gauntlet | Identified the +0 helmet "Liupnoila" {*Slow rPois rCorr
                  | Dex+5}
 14639 | Lair:4   | Learned a level 1 spell: Apportation
 14650 | Lair:4   | Found a staircase to the Slime Pits.
 14889 | Lair:4   | Reached skill level 16 in Axes
 15081 | Lair:3   | Reached skill level 10 in Armour
 15480 | Lair:3   | Found a hole to the Spider Nest.
 15992 | Lair:2   | Noticed Maggie
 16008 | Lair:2   | Killed Maggie
 16437 | Lair:4   | Reached XP level 14. HP: 114/116 MP: 20/20
 16595 | Lair:4   | Mangled by a boulder beetle

Illustrated notes

Levels and vault maps discovered:
D:1:      heliophobic_arrival_glass_houses, layout_loops_ring, serial_shops,
          nicolae_shop_trees, nicolae_diamond_shop, nicolae_shop_window_shopping
D:2:      cheibrodos_fertilizer, layout_basic
D:3:      layout_loops_ring, portal_sewer_entry_e, gammafunk_ghost_icy,
          serial_rivers, chequers_serial_rivers_micro_d,
          chequers_serial_rivers_small_3, chequers_serial_rivers_large_b,
          chequers_serial_rivers_micro_b, chequers_serial_rivers_small_b,
          chequers_serial_rivers_room_b, minmay_circle_x
D:4:      layout_loops_cross, minmay_temple_entry_statues_pillars
D:5:      layout_loops_ring, zin_treasury, minmay_holes
D:6:      layout_loops_ring, mainiacjoe_overflow_chevrons
D:7:      layout_basic
D:8:      layout_cave_pods, mainiacjoe_overflow_alcove_2, gammafunk_ghost_smash,
          enter_bailey_5
D:9:      layout_stronghold, orc_0_dummy
D:10:     layout_layer_cave, nicolae_overflow_hidden_temple,
          okawaru_ov_weapons_minmay, dpeg_oklobed_lair, serial_glass,
          glass_columns_b, glass_columns_b, serial_shops, shop_statue
D:11:     cheibrodos_steamvent, layout_long_grid
Lair:1:   layout_hall_layers, lemuel_fruit_tree
Lair:2:   layout_gridlike, swamp_mist, kennysheep_rathole,
          infiniplex_staircase_pool, uniq_maggie
Lair:3:   layout_cave_pods, spider_nest_entry_rubble, grunt_megastairs_4
Lair:4:   nzn_winding_woodlands_three_and_one
          [nzn_winding_woodlands_5x15_lazy_stream,
          nzn_winding_woodlands_5x15_concentric,
          nzn_winding_woodlands_5x15_split_checker,
          nzn_winding_woodlands_center_lodge], layout_long_grid, slime_entry_1,
          basic_altar, gauntlet_entry_generic

Skill      XL: |  1  2  3  4  5  6  7  8  9 10 11 12 13 |
---------------+----------------------------------------+-----
Axes           | 3 4 5 6 7 9 10 12 13 15 16 | 16.8
Invocations    | 3 4 5 7 8 |  8.1
Fighting       | 4 6 8 9 11 12 | 12.4
Armour         | 4 6 8 10 | 10.6
Dodging        | |  0.8

Action                   |  1- 3 |  4- 6 |  7- 9 | 10-12 | 13-15 || total
-------------------------+-------+-------+-------+-------+-------++-------
Melee: Hand axe          |    63 |   226 |   244 |       |       ||   533
       Punch             |       |     2 |     9 |     4 |     4 ||    19
       War axe           |       |       |   130 |    63 |       ||   193
       Battleaxe         |       |       |       |   505 |   167 ||   672
Invok: Bend Space        |       |       |     1 |     5 |     3 ||     9
       Brand Weapon With |       |       |       |     1 |       ||     1
       Banish            |       |       |       |       |     1 ||     1
 Abil: Dig               |       |       |     2 |     1 |       ||     3
Evoke: Wand              |       |     5 |     5 |     5 |     2 ||    17
       Lightning rod     |       |       |       |       |     1 ||     1
  Use: Scroll            |       |     8 |     5 |    13 |     3 ||    29
       Potion            |       |       |     2 |     6 |     3 ||    11
 Stab: Sleeping          |     3 |       |       |       |       ||     3
       Invisible         |       |       |     1 |     1 |       ||     2
Armor: Leather armour    |    11 |       |       |       |       ||    11
       Chain mail        |       |    75 |   117 |   172 |    17 ||   381
       Plate armour      |       |       |       |       |    53 ||    53
Dodge: Dodged            |    35 |    99 |   178 |   298 |    82 ||   692
